 Dungeon Crawl Stone Soup version 0.30-a0-737-gf23d94013f (webtiles) character file.

Game seed: 9737516627255986347

1807 mopl the Cudgeller (level 9, -4/91 HPs)
             Began as an Ogre Gladiator on Feb 2, 2023.
             Was an Initiate of Okawaru.
             Slain by an orc knight
             ... wielding a +0 broad axe
              (29 damage)
             ... in a bailey.
             The game lasted 00:08:49 (5507 turns).

mopl the Cudgeller (Ogre Gladiator)                 Turns: 5507, Time: 00:08:49

Health: -4/91      AC:  4    Str: 20    XL:     9   Next: 9%
Magic:  8/9        EV: 11    Int:  9    God:    Okawaru [......]
Gold:   272        SH:  0    Dex: 14    Spells: 8/8 levels left

rFire   . . .      SeeInvis .    b - +6 arbalest "Damnation" {damnation}
rCold   . . .      Faith    .    (shield currently unavailable)
rNeg    . . .      Spirit   .    s - +0 robe
rPois   .          Reflect  .    c - +0 hat
rElec   .          Harm     .    K - +0 cloak
rCorr   +          Rampage  .    (gloves unavailable)
Will    .....                    (boots unavailable)
Stlth   +                        (no amulet)
HPRegen 0.35/turn                v - ring of resist corrosion
MPRegen 0.11/turn                (no ring)

@: about to teleport
A: large, unfitting armour, tough skin 1
a: Renounce Religion


You were in a bailey.
You worshipped Okawaru.
Okawaru was noncommittal.
You visited 2 branches of the dungeon, and saw 8 of its levels.
You also visited: Sewer and Bailey.

You collected 272 gold pieces.

Inventory:

Hand Weapons
 a - a +2 flail of holy wrath
 b - the +6 arbalest "Damnation" (weapon) {damnation}
   (You found it in a sewer)
 y - a +0 giant spiked club
 J - a +0 whip of venom
Missiles
 d - 3 throwing nets
 e - a large rock
 m - 2 curare-tipped darts
 A - 4 poisoned darts
 B - 2 boomerangs
 C - 22 stones
Armour
 c - a +0 hat (worn)
 s - a +0 robe (worn)
 K - a +0 cloak (worn)
Jewellery
 v - a ring of resist corrosion (left hand)
Wands
 t - a wand of acid (1)
 I - a wand of digging (6)
Scrolls
 f - 3 scrolls of magic mapping
 g - 7 scrolls of identify {unknown}
 h - 3 scrolls of immolation {unknown}
 i - a scroll of noise {unknown}
 k - 3 scrolls of teleportation
 l - 2 scrolls of poison {unknown}
 o - 2 scrolls of fog {unknown}
 p - 2 scrolls of blinking {unknown}
 r - 2 scrolls of amnesia {unknown}
 u - 2 scrolls of enchant armour {unknown}
 w - a scroll of fear {unknown}
Potions
 j - a potion of ambrosia {unknown}
 n - 2 potions of degeneration {unknown}
 q - a potion of attraction {unknown}
 x - 4 potions of curing {unknown}
 z - a potion of mutation {unknown}
 D - a potion of heal wounds {unknown}
 E - a potion of might {unknown}
 F - a potion of magic {unknown}
 G - a potion of flight {unknown}
 H - a potion of lignification {unknown}


   Skills:
 + Level 6.3 Fighting
 * Level 6.3 Maces & Flails
 + Level 2.3 Ranged Weapons
 + Level 4.8 Throwing
 + Level 3.3 Armour
 + Level 4.2 Dodging
 - Level 2.0 Unarmed Combat


You had 8 spell levels left.
You didn't know any spells.
Your spell library contained the following spells:

 Spells                   Type           Power      Damage    Failure   Level
 Sting                    Tmut/Pois      0%         1d3       38%         1
 Poisonous Vapours        Pois/Air       0%         N/A       52%         2
 Olgreb's Toxic Radiance  Pois           0%         N/A       99%         4
 Orb of Destruction       Conj           0%         9d5       100%        7
 Summon Guardian Golem    Hex/Summ       Unusable   N/A       N/A         3
 Spellforged Servitor     Conj/Summ      Unusable   N/A       N/A         7

Dungeon Overview and Level Annotations

Branches:
Dungeon (7/15)             Temple (1/1) D:6           Sewer (visited)
 Bailey (1/1)

Altars:
Ashenzari
Cheibriados
Dithmenos
Elyvilon
Fedhas
Gozag
Hepliaklqana
Kikubaaqudgha
Makhleb
Nemelex Xobeh
Okawaru
Qazlal
Ru
Sif Muna
Uskayaw
Vehumet
Wu Jian
Xom
Yredelemnul
Zin
The Shining One


Innate Abilities, Weirdness & Mutations

You are too large for most types of armour.
You have tough skin. (AC +1)


Message History

The bolt of acid hits the goblin!
The acid corrodes the goblin!
You kill the goblin!
Okawaru accepts your kill.
The bolt of acid hits the orc warrior!
The orc warrior seems to be corroded for longer.
The orc warrior is heavily wounded.
Unknown command.
Fire: b) +6 arbalest "Damnation" {damnation}
Press: ? - help, Q - select action, (/) - cycle Shift-Dir - straight line, f/p - orc warrior
Aim: an orc warrior, wielding a +0 broad axe and wearing a +0 ring mail (heavily wounded, strong, covered in acid, 63% to hit)
You shoot a damnation bolt.
The damnation bolt barely misses the orc warrior.
You feel like a meek peon again.
Unknown command.
Fire: b) +6 arbalest "Damnation" {damnation}
Press: ? - help, Q - select action, (/) - cycle Shift-Dir - straight line, f - orc knight, p - orc warrior
Aim: an orc knight, wielding a +0 broad axe and wearing a +0 chain mail (62% to hit)
Okay, then.
Fire: b) +6 arbalest "Damnation" {damnation}
Press: ? - help, Q - select action, (/) - cycle Shift-Dir - straight line, p - orc warrior You shoot a damnation bolt.
The orc warrior hits you with a +0 broad axe!!
A gnoll comes into view. It is wielding a +0 hand axe.
The orc warrior hits you with a +0 broad axe!
The orc misses you.
As you read the scroll labelled ISUATOALOL, it crumbles to dust.
You feel aware of your surroundings.
You sensed 1 shop/portal.
It was a scroll of magic mapping.
The orc warrior barely misses you. The orc closely misses you.
As you read the scroll labelled WUOBRA DAXUE, it crumbles to dust.
You feel strangely unstable.
It was a scroll of teleportation.
The orc warrior hits you with a +0 broad axe!!
The orc hits you with a +0 hand axe. The orc knight barely misses you.
The orc hits you with a +0 hand axe. The orc attacks as you move away!
The orc closely misses you. The orc attacks as you move away!
The orc hits you with a +0 hand axe.
* * * LOW HITPOINT WARNING * * *
The orc knight attacks as you move away!
The orc knight hits you with a +0 broad axe!!
You die...

#.........#
*#.......#*
#.......#
##.....##
♣##g''##♣
♣♣.......♣♣
♣....)....♣
♣♣..ooo....♣
♣....@o....♣♣
♣.....∩.....♣
♣♣..........♣
♣.......♣♣♣♣
♣♣♣.♣.♣♣♣
♣♣♣♣♣


You could see an orc knight, an orc warrior (strong, corroded), a gnoll and 2
orcs.

Vanquished Creatures
  Sigmund (D:4)
  A wyvern (D:7)
  A steam dragon (D:7)
  2 ogres
  4 bullfrogs
  2 jellies
  4 hounds
  6 orc priests
  A gnoll bouda (D:7)
  4 iguanas
  2 orc wizards
  12 gnolls
  11 adders
  2 river rats (D:3)
  3 white imps
  3 ufetubi
  2 worms
  A dart slug (D:1)
  10 orcs
  14 ball pythons
  6 endoplasms
  14 giant cockroaches
  7 goblins
  8 hobgoblins
  5 jackals
  3 kobolds
  12 quokkas
  4 bats
  11 frilled lizards
  6 rats
162 creatures vanquished.

Vanquished Creatures (others)
  4 plants
4 creatures vanquished.

Grand Total: 166 creatures vanquished

Notes
Turn   | Place    | Note
-------+----------+-------------------------------------------
     0 | D:1      | mopl the Ogre Gladiator began the quest for the Orb.
     0 | D:1      | Reached XP level 1. HP: 22/22 MP: 1/1
   220 | D:1      | Reached XP level 2. HP: 29/29 MP: 2/2
   286 | D:1      | Reached skill level 3 in Maces & Flails
   344 | D:1      | Reached skill level 3 in Fighting
   615 | D:1      | Reached XP level 3. HP: 33/37 MP: 3/3
   909 | D:2      | Found a glowing silver altar of Zin.
  1035 | D:2      | Reached skill level 1 in Unarmed Combat
  1058 | D:2      | Reached skill level 1 in Armour
  1058 | D:2      | Reached XP level 4. HP: 38/45 MP: 4/4
  1717 | D:3      | Found a glowing drain.
  1724 | Sewer    | Entered a sewer
  1791 | Sewer    | Reached XP level 5. HP: 46/53 MP: 5/5
  2033 | Sewer    | Found the +6 arbalest "Damnation" {damnation}
  2124 | Sewer    | Reached skill level 4 in Fighting
  2124 | Sewer    | Reached skill level 4 in Maces & Flails
  2124 | Sewer    | Reached skill level 3 in Throwing
  2124 | Sewer    | Reached XP level 6. HP: 60/62 MP: 6/6
  2131 | Sewer    | Reached skill level 2 in Unarmed Combat
  2450 | D:3      | Found a hide-covered altar of Uskayaw.
  2889 | D:4      | Reached skill level 2 in Armour
  2889 | D:4      | Reached XP level 7. HP: 71/71 MP: 7/7
  2962 | D:4      | Reached skill level 3 in Dodging
  2976 | D:4      | Reached skill level 1 in Ranged Weapons
  3307 | D:4      | Noticed Sigmund
  3316 | D:4      | Reached skill level 5 in Fighting
  3320 | D:4      | Killed Sigmund
  3321 | D:4      | Reached skill level 5 in Maces & Flails
  3321 | D:4      | Reached XP level 8. HP: 29/80 MP: 8/8
  3705 | D:5      | Entered Level 5 of the Dungeon
  3800 | D:5      | Reached skill level 4 in Throwing
  3893 | D:5      | Found an opulent altar of Gozag.
  4579 | D:6      | Found a staircase to the Ecumenical Temple.
  4588 | Temple   | Entered the Ecumenical Temple
  4588 | Temple   | Found a transporter.
  4588 | Temple   | Found a transporter.
  4590 | Temple   | Found a transporter.
  4590 | Temple   | Found a transporter.
  4618 | Temple   | Became a worshipper of Warmaster Okawaru
  4718 | D:6      | Found a white marble altar of Elyvilon.
  4881 | D:6      | Reached skill level 3 in Armour
  5012 | D:6      | Found a sparkling altar of Nemelex Xobeh.
  5056 | D:6      | Found a hazy altar of Hepliaklqana.
  5306 | D:7      | Noticed a wyvern
  5307 | D:7      | Reached skill level 2 in Ranged Weapons
  5307 | D:7      | Killed a wyvern
  5308 | D:7      | Reached skill level 6 in Fighting
  5308 | D:7      | Reached skill level 6 in Maces & Flails
  5308 | D:7      | Reached skill level 4 in Dodging
  5309 | D:7      | Reached XP level 9. HP: 89/89 MP: 9/9
  5340 | D:7      | Reached * piety under Okawaru
  5425 | D:7      | Found a flagged portal.
  5434 | Bailey   | Entered a bailey
  5492 | Bailey   | Noticed an orc knight
  5507 | Bailey   | Slain by an orc knight

Illustrated notes

Levels and vault maps discovered:
D:1:      lemuel_arrival_rhombus, layout_basic
D:2:      layout_rooms, serial_rivers, chequers_serial_rivers_large_b,
          chequers_serial_rivers_micro_a, chequers_serial_rivers_large_a,
          chequers_serial_rivers_micro_d, basic_altar
D:3:      layout_loops_cross, nicolae_uskayaw_murder_on_the_dancefloor,
          gup_sewer_entry_spiral, st_stairs_11, serial_bayou_pond_a,
          grunt_ministairs_6
D:4:      layout_gridville, hangedman_abyss_or_decor_passed, uniq_sigmund
D:5:      wad_lake_hut, layout_basic, grunt_gozag_statues
D:6:      layout_loops_cross, nicolae_hepliaklqana_hazy_memory,
          elyvilon_altar_3, lemuel_round_altar, lemuel_temple_firewalk_b,
          grunt_ministairs_15
D:7:      layout_loops_cross, enter_bailey_8, grunt_ministairs_14
Temple:   hellmonk_temple_divided_pantheon
Bailey:   bailey_axe_minmay_hex_keep, bailey

Skill      XL: |  1  2  3  4  5  6  7  8 |
---------------+-------------------------+-----
Maces & Flails | 3 4 5 6 |  6.3
Fighting       | 3 4 5 6 |  6.3
Unarmed Combat | 1 2 |  2.0
Armour         | 1 2 3 |  3.3
Throwing       | 3 4 |  4.8
Dodging        | 3 4 |  4.2
Ranged Weapons | 1 2 |  2.3

Action                     |  1- 3 |  4- 6 |  7- 9 || total
---------------------------+-------+-------+-------++-------
  Melee: Flail             |    99 |   145 |    25 ||   269
         Punch             |       |     2 |     1 ||     3
   Fire: Arbalest          |       |    19 |    61 ||    80
  Throw: Stone             |    21 |     9 |       ||    30
 Invoke: Heroism           |       |       |     1 ||     1
  Evoke: Wand              |       |       |     3 ||     3
    Use: Scroll            |       |       |     2 ||     2
   Stab: Sleeping          |     1 |     1 |       ||     2
 Armour: Robe              |    32 |    47 |    14 ||    93
  Dodge: Dodged            |    72 |    85 |    42 ||   199

Table legend: (Time is in decaauts)
 A = Elapsed time spent in this place.
 B = Non-inter-level travel time spent in this place.
 C = Inter-level travel time spent in this place.
 D = Time resting spent in this place.
 E = Time spent auto-exploring this place.
 F = Levels seen in this place.
 G = Mean time per level.
                   A        B        C        D        E       F      G
               +--------+--------+--------+--------+--------+-----+--------+
         Total |   5617 |   5335 |    282 |    548 |   3586 |  10 |  561.7 |
       Dungeon |   5036 |   4763 |    273 |    382 |   3496 |   7 |  719.4 |
        Temple |     49 |     41 |      8 |      0 |      0 |   1 |   49.0 |
         Sewer |    450 |    450 |      0 |    126 |     83 |   1 |  450.0 |
        Bailey |     81 |     81 |      0 |     40 |      7 |   1 |   81.0 |
               +--------+--------+--------+--------+--------+-----+--------+

Top non-repeatable levels by time:
     D:4: 892 daAuts
     D:3: 874 daAuts
     D:1: 839 daAuts
     D:6: 786 daAuts
     D:5: 782 daAuts
     D:2: 725 daAuts
   Sewer: 450 daAuts
     D:7: 135 daAuts
  Bailey: 81 daAuts
  Temple: 49 daAuts
